 Dungeon Crawl Stone Soup version 0.22-a0-392-g5dc3fd9 (webtiles) character file.

6298 mortelune the Cleaver (level 10, -1/92 HPs)
             Began as a Hill Orc Gladiator on May 1, 2018.
             Was an Elder of Okawaru.
             Slain by a hippogriff (6 damage)
             ... on level 10 of the Dungeon.
             The game lasted 00:23:23 (10661 turns).

mortelune the Cleaver (Hill Orc Gladiator)         Turns: 10661, Time: 00:23:23

Health: -1/92      AC:  7    Str: 24    XL:     10   Next: 94%
Magic:  8/10       EV: 14    Int:  8    God:    Okawaru [****..]
Gold:   300        SH:  6    Dex: 14    Spells: 9/9 levels left

rFire    . . .     SeeInvis +   a - +0 war axe
rCold    . . .     Gourm    .   E - +0 buckler
rNeg     . . .     Faith    .   B - +0 scale mail
rPois    .         Spirit   .   c - +0 helmet
rElec    .         Reflect  .   (no cloak)
rCorr    .         Harm     .   (no gloves)
MR       .....     Rnd*Tele +   (no boots)
Stlth    ++........             (no amulet)
HPRegen  0.00/turn              g - ring of see invisible
MPRegen  0.12/turn              y - +3 ring of strength

@: lethally poisoned (-1 -> -3), heroism, drained
A: thin skeletal structure 1, deformed body, inhibited regeneration,
teleportitis 1
a: Heroism, Renounce Religion


You were on level 10 of the Dungeon.
You worshipped Okawaru.
Okawaru was greatly pleased with you.
You were not hungry.

You visited 2 branches of the dungeon, and saw 11 of its levels.

You collected 367 gold pieces.
You spent 67 gold pieces at shops.

Inventory:

Hand Weapons
 a - a +0 war axe (weapon)
Missiles
 d - 3 throwing nets (quivered)
 m - 4 javelins
Armour
 b - a +0 leather armour
 c - a +0 helmet (worn)
 t - a +0 chain mail
 B - a +0 scale mail (worn)
 E - a +0 buckler (worn)
Jewellery
 g - a ring of see invisible (left hand)
 y - a +3 ring of strength (right hand)
Wands
 n - a wand of random effects (14)
 p - a wand of digging (16)
 u - a wand of polymorph (18)
 v - a wand of paralysis (11)
 H - a wand of flame (20)
Scrolls
 e - 2 scrolls of fog
 j - a scroll of amnesia {unknown}
 q - 5 scrolls of teleportation
 s - 2 scrolls of fear
 x - a scroll of immolation
 z - a scroll of remove curse {unknown}
 C - a scroll of random uselessness {unknown}
Potions
 h - 2 potions of flight
 i - 2 potions of agility
 k - a potion of degeneration
 o - a potion of ambrosia
 r - 2 potions of curing
 w - a potion of mutation
 A - 3 potions of lignification
 D - a potion of berserk rage
Comestibles
 f - 15 rations


   Skills:
 + Level 9.7(13.5) Fighting
 * Level 14.3(18.0) Axes
 - Level 1.7(5.7) Throwing
 + Level 8.5(12.3) Armour
 - Level 2.4(6.4) Dodging
 - Level 4.2(8.1) Shields


You had 9 spell levels left.
You didn't know any spells.

Dungeon Overview and Level Annotations

Branches:
Dungeon (11/15)            Temple (1/1) D:5            Lair (0/6) D:10
    Orc: D:9-12

Altars:
Ashenzari
Cheibriados
Dithmenos
Elyvilon
Fedhas
Gozag
Hepliaklqana
Kikubaaqudgha
Makhleb
Nemelex Xobeh
Okawaru
Qazlal
Ru
Sif Muna
Trog
Uskayaw
Vehumet
Wu Jian
Xom
Yredelemnul
Zin
The Shining One

Shops:
D:7 [


Innate Abilities, Weirdness & Mutations

You have a somewhat thin skeletal structure. (Dex +2, Stealth)
Armour fits poorly on your strangely shaped body.
You do not regenerate when monsters are visible.
You are occasionally teleported next to monsters.


Message History

* * * LOW HITPOINT WARNING * * *
The hippogriff claws you but does no damage.
You feel sick.
You gain the combat prowess of a mighty hero.
You feel sick. The hippogriff bites you!
* * * LOW HITPOINT WARNING * * *
The hippogriff pecks you.
* * * LOW HITPOINT WARNING * * *
The hippogriff closely misses you.
You hit the hippogriff but do no damage.
The hippogriff is lightly wounded.
You block the hippogriff's attack.
The hippogriff pecks you but does no damage.
The hippogriff barely misses you.
You slash the hippogriff!
The hippogriff is moderately wounded.
The hippogriff misses you. The hippogriff pecks you.
* * * LOW HITPOINT WARNING * * *
The hippogriff claws you.
You die...

....#....................#####...
#...#....................#.....##
#..........####...########.#####
##.......### #...# #.# #.....>.#
#...# #.# ####.#### #...# #.# #.#
#...# #.# #.# #...# #.#
#.#########.@.# #.#
#####.#.......##H#### #.######
........>.......y..y# #..)....
######..##.#..#####.# ########
#..##.....)(##†#######
#..#.....##.##y..yHy..
#..#†##..##(######y..<
#........##(# .. #.......###.#


You could see a hippogriff and a killer bee.

Vanquished Creatures
  A two-headed ogre (D:10)
  Sonja (D:10)
  The ghost of azzavlup the Carver, a novice DsAK of Lugonu (D:4)
  A hippogriff (D:7)
  A human (D:7)
  A wyvern (D:10)
  2 yaks (D:10)
  4 hogs (D:7)
  An orc warrior (D:10)
  3 sky beasts
  An ice beast (D:7)
  4 phantoms
  5 centaurs
  4 ogres
  3 bullfrogs
  A wyvern zombie (D:7)
  2 scorpions
  5 killer bees (D:10)
  A howler monkey (D:7)
  2 crimson imps
  2 bullfrog zombies
  A centaur zombie (D:10)
  A jelly (D:10)
  8 orc wizards
  7 orc priests
  4 hounds
  3 bullfrog skeletons
  2 iguanas
  Natasha (thrice) (D:4)
  5 worker ants
  A killer bee zombie (D:6)
  A hound zombie (D:5)
  A hound skeleton (D:4)
  2 worker ant zombies
  Robin (D:4)
  3 gnolls (D:4)
  9 adders
  An ooze (D:4)
  An adder zombie (D:7)
  A worm (D:2)
  3 dart slugs
  2 leopard geckos (D:1)
  23 orcs
  3 bat zombies (D:5)
  5 giant cockroaches
  16 goblins
  10 hobgoblins
  11 jackals
  7 kobolds
  2 quokkas
  4 ball pythons
  6 bats
  4 frilled lizards
  A kobold skeleton (D:2)
  A leopard gecko skeleton (D:4)
  A quokka skeleton (D:8)
  A quokka zombie (D:6)
  3 rats
  A rat zombie (D:5)
205 creatures vanquished.

Notes
Turn   | Place    | Note
-------+----------+-------------------------------------------
     0 | D:1      | mortelune the Hill Orc Gladiator began the quest for the Orb.
     0 | D:1      | Reached XP level 1. HP: 18/18 MP: 1/1
   124 | D:1      | Reached XP level 2. HP: 25/25 MP: 2/2
   603 | D:1      | Reached skill level 1 in Armour
   938 | D:1      | Reached XP level 3. HP: 29/30 MP: 3/3
  1352 | D:2      | Reached skill level 5 in Axes
  1591 | D:2      | Reached XP level 4. HP: 27/38 MP: 4/4
  1734 | D:2      | Found a shimmering altar of Xom.
  1737 | D:2      | Found a white marble altar of Elyvilon.
  1739 | D:2      | Found an opulent altar of Gozag.
  1943 | D:2      | Found a runed door.
  1944 | D:2      | Noticed a human
  2076 | D:2      | Found a basalt altar of Yredelemnul.
  2170 | D:2      | Found a deep blue altar of Sif Muna.
  2902 | D:3      | Reached XP level 5. HP: 44/45 MP: 5/5
  2996 | D:3      | Reached skill level 6 in Axes
  3622 | D:4      | Noticed azzavlup's ghost (novice DsAK)
  3681 | D:4      | Noticed a phantom
  3713 | D:5      | Entered Level 5 of the Dungeon
  4211 | D:4      | Reached XP level 6. HP: 7/52 MP: 6/6
  4534 | D:4      | Reached skill level 7 in Axes
  4601 | D:5      | Noticed a sky beast
  4618 | D:5      | Killed a sky beast
  4801 | D:5      | Reached XP level 7. HP: 45/60 MP: 7/7
  4906 | D:5      | Reached skill level 5 in Fighting
  4906 | D:5      | Reached skill level 8 in Axes
  4932 | D:5      | Found a staircase to the Ecumenical Temple.
  4991 | D:5      | Found an ancient bone altar of Kikubaaqudgha.
  5043 | Temple   | Entered the Ecumenical Temple
  5093 | Temple   | Became a worshipper of Warmaster Okawaru
  5506 | D:4      | Noticed Robin
  5530 | D:4      | Killed Robin
  5567 | D:4      | Noticed Natasha
  5575 | D:4      | Killed Natasha
  5655 | D:4      | Killed azzavlup's ghost
  5655 | D:4      | Reached skill level 9 in Axes
  5655 | D:4      | Reached XP level 8. HP: 39/70 MP: 8/8
  5661 | D:4      | Noticed Natasha
  5690 | D:4      | Killed Natasha
  5690 | D:4      | Reached skill level 5 in Armour
  5910 | D:4      | Reached * piety under Okawaru
  6270 | D:4      | Noticed Natasha
  6282 | D:4      | Killed Natasha
  6282 | D:4      | Reached skill level 10 in Axes
  7193 | D:6      | Reached XP level 9. HP: 59/79 MP: 9/9
  7342 | D:6      | Reached skill level 11 in Axes
  7699 | D:6      | Reached ** piety under Okawaru
  8283 | D:7      | Reached skill level 12 in Axes
  8407 | D:7      | Found Rediomui's Armour Emporium.
  8416 | D:7      | Bought a +0 buckler for 67 gold pieces
  8484 | D:7      | Reached skill level 1 in Shields
  8609 | D:7      | Found a bloodstained altar of Trog.
  8684 | D:7      | Reached *** piety under Okawaru
  8812 | D:7      | Found a hazy altar of Hepliaklqana.
  9001 | D:7      | Reached XP level 10. HP: 49/90 MP: 7/10
  9006 | D:7      | Reached skill level 13 in Axes
  9484 | D:8      | You fall through a shaft for 3 floors!
  9494 | D:10     | Entered Level 10 of the Dungeon
 10282 | D:10     | Found a staircase to the Lair.
 10314 | D:10     | Noticed a two-headed ogre
 10374 | D:10     | Killed a two-headed ogre
 10374 | D:10     | Reached **** piety under Okawaru
 10482 | D:10     | Noticed Sonja
 10493 | D:10     | Gained mutation: You do not regenerate when monsters are visible. [potion of mutation]
 10493 | D:10     | Gained mutation: Armour fits poorly on your strangely shaped body. [potion of mutation]
 10493 | D:10     | Gained mutation: You are occasionally teleported next to monsters. [potion of mutation]
 10493 | D:10     | Gained mutation: You have a somewhat thin skeletal structure. (Dex +2, Stealth) [potion of mutation]
 10547 | D:10     | Killed Sonja
 10547 | D:10     | Reached skill level 14 in Axes
 10661 | D:10     | Slain by a hippogriff

Vault maps used:
D:1:      mrwooster_arrival_arrow
D:2:      led_sif_pool, grunt_temple_overflow_open, dk_yredelemnul_ordeal
D:3:      eino_tiny_chamber
D:4:      uniq_natasha, uniq_robin
D:5:      lemuel_zombie_altar_kikubaaqudgha, minmay_temple_entry_butterflies,
          first_ration
D:7:      lemuel_coloured_pillars_altar, serial_shops, nicolae_shop_stone,
          grunt_livestock, bloody_trog
D:8:      basic_altar, uniq_joseph
D:10:     lair_entry_dummy, uniq_sonja
D:11:     fedhas_altar_4
Temple:   compressed_dpeg_circular_temple

Skill      XL: |  1  2  3  4  5  6  7  8  9 10 |
---------------+-------------------------------+-----
Armour         | 1 2 3 4 5 7 8 |  8.5
Fighting       | 3 4 6 7 8 9 |  9.7
Axes           | 5 6 7 9 10 12 14 | 14.3
Shields        | 2 4 |  4.2
Throwing       | |  1.7
Dodging        | |  2.4

Action                   |  1- 3 |  4- 6 |  7- 9 | 10-12 || total
-------------------------+-------+-------+-------+-------++-------
Melee: War axe           |   115 |   156 |   361 |   184 ||   816
       Unarmed           |       |       |    10 |     4 ||    14
Throw: Throwing net      |       |     1 |       |     2 ||     3
       Javelin           |       |       |     4 |     5 ||     9
Invok: Heroism           |       |       |     1 |     3 ||     4
  Use: Scroll            |       |     4 |     6 |     1 ||    11
       Potion            |       |     1 |       |     5 ||     6
 Stab: Sleeping          |     1 |       |       |       ||     1
  Eat: Chunk             |     2 |     6 |    11 |     6 ||    25
       Ration            |       |     1 |     1 |       ||     2
Armor: Leather armour    |    41 |    32 |       |       ||    73
       Chain mail        |       |    32 |    29 |       ||    61
       Scale mail        |       |       |   127 |    48 ||   175
       Skin              |       |       |     2 |    24 ||    26
Dodge: Dodged            |   102 |   100 |   215 |    90 ||   507
Block: Buckler           |       |       |    15 |    27 ||    42

Table legend:
 A = Spawn XP
 B = Non-spawn XP
 C = Spawn XP percentage of total XP
 D = Spawn monster count
 E = Non-spawn monster count
 F = Spawn count percentage of total count
 G = Total turns spent on level
                    A         B        C        D         E        F      G
               +---------+---------+-------+---------+---------+-------+---------
         Total |       0 |    8998 |   0.0 |       0 |     205 |   0.0 | 10661
               +---------+---------+-------+---------+---------+-------+---------
           D:1 |       0 |      44 |   0.0 |       0 |      24 |   0.0 |  1383
           D:2 |       0 |      86 |   0.0 |       0 |      25 |   0.0 |  1051
           D:3 |       0 |     182 |   0.0 |       0 |      13 |   0.0 |  1521
           D:4 |       0 |    1042 |   0.0 |       0 |      47 |   0.0 |  1708
           D:5 |       0 |     788 |   0.0 |       0 |      18 |   0.0 |  1327
           D:6 |       0 |    1060 |   0.0 |       0 |      21 |   0.0 |   980
           D:7 |       0 |    2303 |   0.0 |       0 |      24 |   0.0 |  1386
           D:8 |       0 |       1 |   0.0 |       0 |       1 |   0.0 |    35
          D:10 |       0 |    3492 |   0.0 |       0 |      32 |   0.0 |  1167
               +---------+---------+-------+---------+---------+-------+---------
